 Dungeon Crawl Stone Soup version 0.26-a0-450-ge645bd13c1 (webtiles) character file.

Game seed: 17979403281759770347

75 Morbidden the Skirmisher (level 4, -3/28 HPs)
             Began as a Deep Elf Fighter on July 27, 2020.
             Slain by a gnoll
             ... wielding a +0 flail
              (10 damage)
             ... on level 2 of the Dungeon.
             The game lasted 00:02:15 (2038 turns).

Morbidden the Skirmisher (Deep Elf Fighter)         Turns: 2038, Time: 00:02:16

Health: -3/28      AC:  6    Str: 13    XL:     4   Next: 11%
Magic:  15/15      EV:  7    Int: 20    God:
Gold:   114        SH:  8    Dex: 14    Spells: 3/3 levels left

rFire    . . .     SeeInvis .   a - +0 long sword
rCold    . . .     Faith    .   c - +0 kite shield
rNeg     . . .     Spirit   .   b - +0 scale mail
rPois    .         Reflect  .   (no helmet)
rElec    .         Harm     .   (no cloak)
rCorr    .                      (no gloves)
MR       .....                  (no boots)
Stlth    ..........             (no amulet)
HPRegen  0.09/turn              j - ring of magical power
MPRegen  0.14/turn              k - +6 ring of intelligence

@: mighty
A: no striking features
a: no special abilities


You were on level 2 of the Dungeon.
You visited 1 branch of the dungeon, and saw 2 of its levels.

You collected 114 gold pieces.

Inventory:

Hand Weapons
 a - a +0 long sword (weapon)
Missiles
 f - 8 poisoned darts (quivered)
Armour
 b - a +0 scale mail (worn)
 c - a +0 kite shield (worn)
Jewellery
 j - a ring of magical power (left hand)
 k - a +6 ring of intelligence (right hand)
Scrolls
 e - a scroll of identify
 h - a scroll of remove curse {unknown}
 i - 3 scrolls of magic mapping
 l - a scroll of enchant weapon {unknown}
 m - a scroll of amnesia {unknown}
 o - a scroll of fear {unknown}
Potions
 d - a potion of might
 g - 2 potions of heal wounds {unknown}
 n - a potion of degeneration {unknown}


   Skills:
 * Level 3.0 Fighting
 + Level 2.3 Long Blades
 + Level 2.6 Armour
 * Level 2.1 Dodging
 + Level 1.1 Stealth
 + Level 2.5 Shields


You had 3 spell levels left.
You didn't know any spells.
Your spell library was empty.

Dungeon Overview and Level Annotations

Branches:
Dungeon (2/15)

Altars:
Hepliaklqana
Vehumet


Message History

Found a stone staircase leading up.
Things that are here:
a +0 halberd; a gnoll corpse You closely miss the gnoll.
The gnoll hits you but does no damage. The gnoll hits you with a +0 flail.
You slash the gnoll!
The gnoll is almost dead.
The gnoll hits you with a +0 halberd. The gnoll hits you but does no damage.
The gnoll hits you with a +0 halberd!
You barely miss the gnoll.
The gnoll is almost dead.
The gnoll hits you with a +0 flail!
* * * LOW HITPOINT WARNING * * *
You block the gnoll's attack.
Unknown command.
You closely miss the gnoll.
The gnoll is almost dead.
The gnoll closely misses you. The gnoll hits you but does no damage.
The gnoll hits you with a +0 flail!
You die...

#.#.##### #.........#
#...#######.........#
#.###.....))........#
#.# #.#####.........#
#.# #.# #.........#
#.###.# #.........#
#.....# #.###...###
###########.# #...#
#g@(..# #...#
**#g##### #...#
*****...,,,,* #...#
*,,.....,,,,* #...#
*,##.<..,,,,* #...#
*,*#....,,,,* #...#
*,*#....,,,,* #####
****,*##...,,,,*
*,,,,*,,,,,*****


You could see 2 gnolls.

Vanquished Creatures
  An adder (D:2)
  A gnoll (D:2)
  A worm (D:2)
  2 dart slugs (D:2)
  3 leopard geckos
  5 bats (D:1)
  2 giant cockroaches
  6 goblins
  3 hobgoblins
  4 jackals (D:1)
  3 frilled lizards
  7 kobolds
  7 rats
45 creatures vanquished.

Notes
Turn   | Place    | Note
-------+----------+-------------------------------------------
     0 | D:1      | Morbidden the Deep Elf Fighter began the quest for the Orb.
     0 | D:1      | Reached XP level 1. HP: 13/13 MP: 3/3
   128 | D:1      | Reached XP level 2. HP: 14/18 MP: 4/4
   335 | D:1      | Reached skill level 1 in Dodging
   920 | D:1      | Reached XP level 3. HP: 22/22 MP: 5/5
   964 | D:1      | Reached skill level 3 in Fighting
  1830 | D:2      | Found a radiant altar of Vehumet.
  1833 | D:2      | Found a hazy altar of Hepliaklqana.
  2033 | D:2      | Reached skill level 1 in Stealth
  2033 | D:2      | Reached XP level 4. HP: 26/28 MP: 6/6
  2038 | D:2      | Slain by a gnoll

Illustrated notes

Levels and vault maps discovered:
D:1:      dpeg_arrival_shrine, layout_basic, minmay_small_reverse_x
D:2:      layout_basic, old_standard_altar, overflow_temple_1_default

Skill      XL: |  1  2  3 |
---------------+----------+-----
Dodging        | 1 2 |  2.1
Long Blades    | 2 |  2.3
Fighting       | 3 |  3.0
Stealth        | 1 |  1.1
Armour         | |  2.6
Shields        | |  2.5

Action                   |  1- 3 |  4- 6 || total
-------------------------+-------+-------++-------
Melee: Long sword        |   134 |     4 ||   138
Throw: Dart              |    17 |       ||    17
  Use: Scroll            |     2 |       ||     2
       Potion            |     1 |       ||     1
Armor: Scale mail        |    73 |     2 ||    75
Dodge: Dodged            |    48 |     1 ||    49
Block: Kite shield       |    70 |     3 ||    73
       Rpst.: Long sword |    11 |       ||    11

Table legend: (Time is in decaauts)
 A = Elapsed time spent in this place.
 B = Non-inter-level travel time spent in this place.
 C = Inter-level travel time spent in this place.
 D = Time resting spent in this place.
 E = Time spent auto-exploring this place.
 F = Levels seen in this place.
 G = Mean time per level.
                   A        B        C        D        E       F      G
               +--------+--------+--------+--------+--------+-----+--------+
         Total |   2091 |   2085 |      6 |    309 |   1420 |   2 | 1045.5 |
       Dungeon |   2091 |   2085 |      6 |    309 |   1420 |   2 | 1045.5 |
               +--------+--------+--------+--------+--------+-----+--------+

Top non-repeatable levels by time:
     D:1: 1153 daAuts
     D:2: 938 daAuts
